 Dungeon Crawl Stone Soup version 0.32-a0-128-g77eb882913 (webtiles) character file.

Game seed: 14838442866364268158

5 ablified the Caller (level 1, -2/9 HPs)
             Began as a Felid Summoner on Feb 7, 2024.
             Slain by a kobold
             ... wielding a +0 dagger
              (3 damage)
             ... on level 1 of the Dungeon.
             The game lasted 00:02:05 (63 turns).

ablified the Caller (Felid Summoner)                  Turns: 63, Time: 00:02:05

Health: -2/9       AC:  1    Str:  4    XL:     1   Next: 66%
Magic:  4/4        EV: 17    Int: 18    God:
Gold:   0          SH:  0    Dex: 16    Spells: 3/4 levels left
                                        Lives:  0   Deaths: 1

rFire   . . .        (weapon unavailable)
rCold   . . .        (shield unavailable)
rNeg    . . .        (body armour unavailable)
rPois   .            (helmet unavailable)
rElec   .            (cloak unavailable)
rCorr   .            (gloves unavailable)
SInv    +            (boots unavailable)
Will    .....        (no amulet)
Stlth   ++           (no ring)
HPRegen 0.21/turn    (no ring)
MPRegen 0.09/turn

%: no passive effects
@: no status effects
A: very small, claws 1, fangs 3, see invisible, shaggy fur 1, stealthy paws, no
weapons or thrown items, no armour, multi-lived
a: no special abilities


You were on level 1 of the Dungeon.
You visited 1 branch of the dungeon, and saw 1 of its levels.

Inventory:

Potions
 a - a potion of magic


   Skills:
 + Level 2.8 Dodging
 + Level 2.7 Stealth
 + Level 2.0 Spellcasting
 + Level 4.2 Summonings


You had 3 spell levels left.
You knew the following spells:

 Your Spells              Type           Power      Damage    Failure   Level
a - Summon Small Mammal   Summ           68%        N/A       3%          1

Your spell library contained the following spells:

 Spells                   Type           Power      Damage    Failure   Level
 Call Imp                 Summ           34%        N/A       4%          2
 Call Canine Familiar     Summ           17%        N/A       10%         3
 Summon Blazeheart Golem  Fire/Summ      9%         N/A       58%         4
 Summon Lightning Spire   Summ/Air       9%         N/A       58%         4


Dungeon Overview and Level Annotations

Branches:
Dungeon (1/15)

Altars:


Innate Abilities, Weirdness & Mutations

You have sharp claws.
You have razor-sharp teeth.
You have supernaturally acute eyesight. (SInv)
You are covered in fur. (AC +1)
Your paws help you pounce on unaware monsters.
You are incapable of wielding weapons or throwing items.
You cannot wear armour.
You gain extra lives every three experience levels.


Message History

You miss the goblin. Your bat hits the goblin. The goblin barely misses you.
You scratch the goblin. You bite the goblin.
You kill the goblin!
Your bat barely misses the kobold.
The kobold closely misses you.
Your bat barely misses the kobold.
The kobold hits you with a +0 dagger. The rat completely misses you.
You barely miss the rat.
Your bat barely misses the kobold.
The kobold barely misses you. The rat closely misses you.
You barely miss the rat. The ball python barely misses you.
The ball python closely misses you.
Your bat closely misses the kobold.
The kobold closely misses you. The rat bites you.
Your bat hits the rat but does no damage.
The ball python completely misses you. The ball python misses you.
You scratch the rat.
You kill the rat!
Your bat hits the kobold but does no damage.
The kobold hits you but does no damage. The ball python bites you.
The ball python closely misses you.
You closely miss the ball python. The kobold hits you with a +0 dagger.
The ball python misses you. The ball python grabs you.
The ball python constricts you.
Your bat hits the kobold.
You escape the ball python's grasp.
Your bat hits the kobold but does no damage.
The ball python closely misses you. The ball python completely misses you.
You closely miss the ball python.
Your bat closely misses the kobold.
The kobold barely misses you. The ball python barely misses you.
The ball python closely misses you.
You closely miss the ball python. Your bat misses the kobold.
The kobold hits you with a +0 dagger. The ball python bites you.
* * * LOW HITPOINT WARNING * * *
The ball python closely misses you.
You barely miss the ball python. Your bite misses the ball python.
The kobold misses you. The ball python completely misses you.
The ball python misses you.
Your bat hits the kobold but does no damage.
You scratch the ball python.
You kill the ball python!
Your bat hits the kobold but does no damage.
The kobold hits you with a +0 dagger.
You die...

.#.#..## .# #.. .#.#.#.# .# #..
#...#..# .# ..#######.#
.....########.####.# #.?........^
..<.....'...†......# #...........
.(...#######†..###.###r########.#
#...#..# #)..# ..K.# #.# .#.#.#.#
###...#####.#.# #.# .#.#..##
.......@†##.#.# #.# ##.####
......)K††....########.# #+#
.....b...##..........[.#
##....################## #....#
#.... #.## ... ##


You could see a kobold (ally target) and a friendly bat (summoned).

Vanquished Creatures
  A hobgoblin (D:1)
  A ball python (D:1)
  A bat (D:1)
  2 goblins (D:1)
  A rat (D:1)
6 creatures vanquished.

Vanquished Creatures (collateral kills)
  A frilled lizard (D:1)
1 creature vanquished.

Grand Total: 7 creatures vanquished

Notes
Turn   | Place    | Note
-------+----------+-------------------------------------------
     0 | D:1      | ablified the Felid Summoner began the quest for the Orb.
     0 | D:1      | Reached XP level 1. HP: 9/9 MP: 4/4
    20 | D:1      | Slain by a hobgoblin
    20 | D:1      | Lost a life (0 lives remaining)
    63 | D:1      | Slain by a kobold

Illustrated notes

Levels and vault maps discovered:
D:1:      nzn_arrival_crosshair, layout_loops_ring

Action                     || total
---------------------------++-------
  Melee: Unarmed           ||    25
         Punch             ||     1
         Bite              ||     1
   Cast: Summon Small Mamm ||     1
 Armour: Skin              ||    13
  Dodge: Dodged            ||    45

Table legend: (Time is in decaauts)
 A = Elapsed time spent in this place.
 B = Non-inter-level travel time spent in this place.
 C = Inter-level travel time spent in this place.
 D = Time resting spent in this place.
 E = Time spent auto-exploring this place.
 F = Levels seen in this place.
 G = Mean time per level.
                   A        B        C        D        E       F      G
               +--------+--------+--------+--------+--------+-----+--------+
         Total |     63 |     44 |     19 |      0 |      0 |   1 |   63.0 |
       Dungeon |     63 |     44 |     19 |      0 |      0 |   1 |   63.0 |
               +--------+--------+--------+--------+--------+-----+--------+

Top non-repeatable levels by time:
     D:1: 63 daAuts
